Map: Dusk Towers

Players

capac - Winner!

  • Race: Terran Terran
  • League: Gold

A.I. 1 (Elite)

  • Race: Protoss Protoss

VOD

Have the link to the VOD?

Description

Time

  • Played on: Feb. 25, 2016, 2:25 p.m.
  • Length: 10:09
Show
View Real Time Build Order
Export as new Build Order

capac Terran - Winner!

Build Orders: MMM Bio 

Get SALT Encoding   

  12  0:01  SCV  
  13  0:13  SCV  
  14  0:18  Supply Depot  
  14  0:25  SCV  
  15  0:39  SCV  
  16  0:43  Barracks  
  16  0:51  Refinery, SCV  
  17  1:04  SCV  
  18  1:16  SCV  
  19  1:28  SCV  
  20  1:36  Barracks Reactor  
  20  1:38  Command Center  
  20  1:42  Orbital Command  
  20  1:50  Supply Depot  
  20  2:08  SCV  
  20  2:15  Marine x2  
  22  2:20  SCV  
  22  2:22  Barracks  
  24  2:33  SCV  
  24  2:36  Marine x2  
  27  2:37  Factory  
  27  2:42  Refinery  
  27  2:49  SCV  
  27  2:51  Orbital Command  
  28  2:56  Marine x2  
  30  3:09  SCV  
  30  3:11  Barracks Tech Lab  
  31  3:17  SCV  
  32  3:21  SCV  
  32  3:22  Factory Tech Lab  
  32  3:26  Starport  
  33  3:29  Marine x2, SCV  
  33  3:30  Marine  
  33  3:32  Stimpack  
  33  3:33  SCV  
  38  3:38  Engineering Bay  
  38  3:43  SCV  
  38  3:45  SCV  
  38  3:47  Marine  
  38  3:48  Marine  
  42  3:49  Marine  
  43  3:57  Supply Depot  
  43  4:00  SCV x2  
  45  4:03  Starport Reactor  
  45  4:12  Barracks  
  45  4:14  Terran Infantry Weapons Level 1  
  45  4:17  SCV  
  45  4:19  SCV  
  45  4:23  Supply Depot  
  45  4:24  Marine x3  
  47  4:30  Siege Tank  
  53  4:42  Marine  
  53  4:44  Marine x2, SCV x2  
  58  4:47  Supply Depot  
  58  4:57  SCV  
  58  4:59  SCV  
  60  5:02  Barracks Reactor  
  60  5:08  Siege Tank  
  60  5:11  SCV  
  60  5:12  SCV  
  60  5:14  Refinery x2  
  65  5:21  Barracks  
  65  5:24  Barracks  
  65  5:27  Supply Depot  
  65  5:28  Supply Depot  
  65  5:31  Medivac x2  
  65  5:32  Marine  
  70  5:48  Marine  
  70  5:49  Marine, SCV x2  
  74  5:56  Combat Shields  
  74  5:59  Marine  
  74  6:01  SCV x2  
  74  6:02  Supply Depot  
  77  6:06  Marine  
  77  6:07  Supply Depot  
  78  6:23  Medivac x2  
  78  6:24  Barracks Reactor  
  78  6:25  Barracks Reactor  
  82  6:27  Command Center  
  82  6:32  SCV x2  
  84  6:34  Supply Depot  
  84  6:36  Supply Depot  
  84  6:48  Terran Infantry Armor Level 1  
  84  6:50  Armory  
  84  7:01  Marine x3  
  84  7:02  Marine x5  
  84  7:03  Marine  
  93  7:19  Marine x4  
  93  7:20  Marine  
  85  7:34  Liberator x2  
  85  7:37  Marine x6  
  80  7:38  Marine  
  87  7:48  Marine x2  
  87  7:49  Siege Tank  
  92  7:54  Marine  
  92  7:55  Marine  
  100  8:03  Marine  
  100  8:04  Marine x4  
  105  8:05  Marine  
  106  8:16  Marine x3  
  109  8:20  Orbital Command  
  109  8:21  Marine x2  
  109  8:22  Marine  
  109  8:46  Marine x3  
  109  8:47  Marine x3  
Show
View Real Time Build Order
Export as new Build Order

A.I. 1 (Elite) Protoss 

Build Orders: 1 Gate Expand, Zealot Archon, Colossus Rush 

Get SALT Encoding   

  12  0:01  Probe (Chrono Boost)  
  13  0:11  Probe (Chrono Boost)  
  14  0:19  Pylon  
  14  0:22  Probe (Chrono Boost)  
  15  0:38  Probe (Chrono Boost)  
  16  0:48  Probe (Chrono Boost), Assimilator  
  17  0:50  Gateway  
  17  0:59  Probe (Chrono Boost), Pylon  
  18  1:09  Probe (Chrono Boost)  
  19  1:20  Probe (Chrono Boost)  
  20  1:30  Probe (Chrono Boost)  
  21  1:37  Nexus  
  21  1:41  Probe (Chrono Boost)  
  21  1:42  Zealot  
  24  1:53  Probe (Chrono Boost)  
  25  1:59  Cybernetics Core  
  25  2:04  Probe (Chrono Boost)  
  26  2:15  Probe (Chrono Boost)  
  27  2:25  Probe (Chrono Boost), Pylon  
  28  2:30  Warp Gate  
  28  2:34  Stalker  
  31  2:37  Probe (Chrono Boost)  
  31  2:38  Gateway  
  31  2:42  Assimilator  
  31  2:48  Probe (Chrono Boost)  
  32  2:58  Pylon  
  32  2:59  Probe (Chrono Boost)  
  32  3:02  Adept  
  32  3:03  Probe (Chrono Boost)  
  36  3:11  Probe (Chrono Boost)  
  37  3:14  Probe (Chrono Boost)  
  38  3:22  Robotics Facility  
  38  3:24  Adept  
  40  3:27  Adept  
  40  3:29  Probe (Chrono Boost)  
  40  3:31  Probe (Chrono Boost)  
  45  3:41  Probe (Chrono Boost)  
  45  3:43  Probe (Chrono Boost)  
  46  3:49  Adept  
  46  3:52  Probe (Chrono Boost)  
  46  3:53  Adept  
  46  3:55  Probe (Chrono Boost)  
  52  4:03  Probe (Chrono Boost)  
  52  4:07  Probe (Chrono Boost)  
  54  4:13  Adept  
  54  4:14  Robotics Bay  
  54  4:15  Probe (Chrono Boost), Observer  
  58  4:17  Pylon  
  58  4:19  Probe (Chrono Boost)  
  59  4:26  Probe (Chrono Boost)  
  59  4:29  Pylon  
  60  4:32  Robotics Facility  
  60  4:39  Stalker  
  60  4:42  Probe (Chrono Boost)  
  60  4:43  Pylon  
  60  4:44  Probe (Chrono Boost)  
  64  4:49  Stalker  
  66  5:03  Gateway  
  66  5:11  Pylon  
  66  5:12  Zealot  
  68  5:15  Zealot  
  70  5:21  Colossus  
  76  5:29  Pylon  
  76  5:30  Zealot  
  76  5:33  Zealot  
  80  5:46  Probe (Chrono Boost), Assimilator  
  80  5:48  Twilight Council  
  81  5:52  Forge  
  81  5:53  Assimilator  
  81  5:55  Stalker  
  81  5:56  Nexus, Gateway  
  83  6:09  Probe (Chrono Boost)  
  83  6:10  Probe (Chrono Boost)  
  85  6:19  Probe (Chrono Boost)  
  85  6:21  Probe (Chrono Boost)  
  85  6:22  Pylon  
  87  6:30  Probe (Chrono Boost), Templar Archives  
  87  6:31  Probe (Chrono Boost), Forge  
  89  6:46  Pylon  
  89  6:54  Gateway  
  89  7:01  Photon Cannon  
  89  7:02  Sentry  
  89  7:05  Warp Prism  
  89  7:06  Photon Cannon  
  89  7:08  High Templar x2, Stalker  
  99  7:09  Pylon  
  99  7:10  Probe x3 (Chrono Boost)  
  102  7:18  Archon, Assimilator  
  102  7:22  Probe x2 (Chrono Boost)  
  99  7:23  Probe (Chrono Boost), Stalker, Assimilator  
  77  7:30  Zealot  
  77  7:33  Probe (Chrono Boost)  
  77  7:34  Probe (Chrono Boost)  
  77  7:35  Probe (Chrono Boost)  
  70  7:38  Zealot  
  70  7:39  High Templar  
  69  7:44  Probe (Chrono Boost), Zealot  
  69  7:48  Probe (Chrono Boost), Zealot, Adept  
  69  7:49  Probe (Chrono Boost)  
  76  7:56  Probe (Chrono Boost)  
  76  7:57  Zealot  
  69  8:00  Probe (Chrono Boost)  
  69  8:01  Probe (Chrono Boost)  
  69  8:03  Zealot  
  69  8:07  Probe (Chrono Boost), Zealot  
  69  8:08  Zealot  
  69  8:10  Stalker  
  69  8:11  Probe (Chrono Boost)  
  69  8:16  Sentry  
  70  8:20  Probe (Chrono Boost)  
  70  8:22  Zealot  
  70  8:27  Stalker, Adept  
  73  8:32  Zealot  
  70  8:38  High Templar  
  64  8:41  High Templar  
  64  8:46  Archon, High Templar  
  54  8:48  Zealot  
  54  8:51  Adept  
  52  9:00  Probe (Chrono Boost)  
  52  9:01  Probe (Chrono Boost)  
  50  9:08  High Templar  
  50  9:09  Zealot, Stalker  
  43  9:11  Probe (Chrono Boost)  
  43  9:12  High Templar  
  40  9:24  Pylon  
  40  9:25  Zealot  
  37  9:34  High Templar  
  30  10:00  Zealot  
  30  10:03  Pylon  
Tags
 
Add a new tag
Caveats
  • Supply blocks, unpowered buildings, or Contaminate may cause inaccurate times.
  • Supply counts are checked every 10 seconds.